[Event "Rapid Tournament (RAP)"]
[Site "Biel, Switzerland"]
[Date "2026.07.12"]
[Round "2.30"]
[White "Kukushkin, Ivan"]
[Black "Bonanomi, Silvan"]
[Result "1-0"]
[TimeControl "15 + 5"]
[WhiteTitle "-"]
[BlackTitle "-"]
[WhiteFideId "11634103"]
[BlackFideId "1352644"]
[WhiteElo "2186"]
[BlackElo "1867"]

1. e4 c5 2. Nf3 Nf6 3. Nc3 d6 4.
Bc4 e6 5. O-O Be7 6. d4 O-O 7. dxc5 dxc5 8. Qe2 a6 9. a4 Nc6 10. Rd1 Qc7 11. e5 Nd7 12. Bf4 Rd8 13. h4 b6 14.
Ne4 Bb7 15. Neg5 Nf8 16. h5 h6 17. Ne4 Nd4 18. Nxd4 cxd4 19. Bd3 a5 20. Qg4 Kh8 21. Nd6 Bxd6 22. exd6 Qc5 23. Re1 f6 24.
Qh4 Rd7 25. b3 Rad8 26. Qg4 e5 27. Bc1 Qxd6 28. Ba3 Qd5 29. Bc4 Qc6 30. Bxf8 Rxf8 31. Bb5 Qxc2 32. Bxd7 Qxb3 33. Bf5 Bd5 34.
Rab1 Qxa4 35. Rxb6 Qc4 36. Qg6 Bg8 37. Rb7 Rf7 38. Rb8 1-0

[Event "Rapid Tournament (RAP)"]
[Site "Biel, Switzerland"]
[Date "2026.07.12"]
[Round "2.31"]
[White "Harish, Neeraj"]
[Black "Carey, Michael"]
[Result "1-0"]
[TimeControl "15 + 5"]
[WhiteTitle "-"]
[BlackTitle "-"]
[WhiteFideId "30958130"]
[BlackFideId "30923760"]
[WhiteElo "2140"]
[BlackElo "1850"]

1. e4 c5 2. d4 cxd4 3. Qxd4 Nc6 4.
Qd3 g6 5. Nc3 Bg7 6. Nf3 d6 7. Be2 Nf6 8. O-O O-O 9. Nd5 Nd7 10. c3 Nde5 11. Nxe5 Nxe5 12. Qc2 Bd7 13. Bg5 Nc6 14.
Rad1 h6 15. Bh4 Be6 16. f4 f5 17. exf5 Bxf5 18. Qb3 Rf7 19. Qxb7 Qc8 20. Ba6 Kh7 21. Rfe1 e6 22. Qxc8 1-0

[Event "Rapid Tournament (RAP)"]
[Site "Biel, Switzerland"]
[Date "2026.07.12"]
[Round "2.32"]
[White "Grzeskowiak, Antoni"]
[Black "Erne, Raphael"]
[Result "0-1"]
[TimeControl "15 + 5"]
[WhiteTitle "-"]
[BlackTitle "-"]
[WhiteFideId "41855531"]
[BlackFideId "1341928"]
[WhiteElo "1844"]
[BlackElo "2122"]

1. d4 d5 2. Nf3 Nf6 3. Bf4 c5 4.
c3 Nc6 5. e3 Qb6 6. Qb3 c4 7. Qc2 Bf5 8. Qc1 e6 9. Nbd2 Qd8 10. Be2 h6 11. h3 Be7 12. b3 b5 13. b4 a5 14.
a3 O-O 15. g4 Bh7 16. Rg1 Ne4 17. Nxe4 Bxe4 18. Nd2 Bh7 19. Nf3 axb4 20. axb4 Bxb4 21. cxb4 Nxb4 22. Rxa8 Qxa8 23. Kf1 Bd3 24.
Qb2 Bxe2+ 25. Qxe2 Nd3 26. g5 h5 27. g6 fxg6 28. Ne5 Rxf4 29. exf4 Qa1+ 30. Kg2 Nxf4+ 31. Kf3 Qxg1 32. Kxf4 Qh2+ 33. Ke3 Qxh3+ 34. f3 Qf5 35.
Qb2 Qg5+ 36. Kf2 Qh4+ 37. Ke3 Qe1+ 38. Kf4 Qh4+ 39. Ke3 Qg5+ 40. Kf2 Qf4 41. Qa1 h4 42. Qa8+ Kh7 43. Qa7 Qd2+ 44. Kf1 Qd1+ 45. Kf2 Qd2+ 46. Kf1 Qc1+ 47. Kf2 Qc2+ 48. Kf1 b4 49. Qe7 Qd1+ 50. Kg2 Qe2+ 51. Kh3 Qf1+ 52. Kxh4 Qf2+ 53. Kg4 Qxd4+ 54. f4 Qg1+ 55.
Kf3 Qh1+ 56. Kg3 Qg1+ 57. Kh3 Qe3+ 58. Kg4 Qe2+ 59. Kh3 Qf1+ 60. Kg4 Qg2+ 61. Kh4 g5+ 62. fxg5 Qh2+ 63. Kg4 Qxe5 64.
Qe8 Qf5+ 65. Kh4 Qe4+ 66. Kg3 Qg6 67. Qd8 b3 68. Kg4 b2 69. Qb8 Qf5+ 0-1

[Event "Rapid Tournament (RAP)"]
[Site "Biel, Switzerland"]
[Date "2026.07.12"]
[Round "2.33"]
[White "Menzi, Jonas"]
[Black "Tan, Jimmy"]
[Result "1-0"]
[TimeControl "15 + 5"]
[WhiteTitle "-"]
[BlackTitle "-"]
[WhiteFideId "1345133"]
[BlackFideId "129057499"]
[WhiteElo "2114"]
[BlackElo "1845"]

1. e4 c6 2. d4 d5 3.
exd5 cxd5 4. Bd3 Nc6 5. c3 Nf6 6. h3 g6 7.
Nf3 Bf5 8. O-O e6 9. Bf4 Bd6 10. Bxd6 Qxd6 11. Re1 Bxd3 12. Qxd3 O-O 13. Nbd2 Rab8 14. a4 Rfc8 15. Ne5 Kg7 16.
Re2 Nd7 17. f4 a6 18. Rae1 Re8 19. Ndf3 Nf6 20. Ng5 Nd8 21. Qg3 Nh5 22. Qe3 f6 23. g4 fxg5 24. gxh5 gxf4 25. Qxf4 Rf8 26. Qg4 Rf6 27. hxg6 hxg6 28. Rg2 Nf7 29. Nxg6 Nh6 30.
Qh5 1-0

[Event "Rapid Tournament (RAP)"]
[Site "Biel, Switzerland"]
[Date "2026.07.12"]
[Round "2.34"]
[White "Radovcic, Branimir"]
[Black "El-Mais, Ibaa"]
[Result "0-1"]
[TimeControl "15 + 5"]
[WhiteTitle "-"]
[BlackTitle "-"]
[WhiteFideId "14595346"]
[BlackFideId "1312715"]
[WhiteElo "1840"]
[BlackElo "2100"]

1. e4 e6 2. Qe2 c5 3. g3 Nc6 4. Bg2 g6 5. Nf3 Bg7 6. c3 Nge7 7. O-O O-O 8. d3 d5 9. Nbd2 b6 10. h4 Ba6 11. c4 dxc4 12. dxc4 Nd4 13. Nxd4 Qxd4 14. Rb1 Rad8 15. b3 Qd3 16. Qxd3 Rxd3 17. Nf3 Rfd8 18. Bb2 Bxb2 19. Rxb2 Bb7 20. Re2 f6 21. Rfe1 e5 22. Re3 Rxe3 23. Rxe3 Nc6 24. Kf1 Bc8 25. Re2 Kf8 26. Rd2 Bd7 27. Ke2 Ke7 28. Ke3 Ra8 29. Ne1 a5 30. a4 Nd4 31. Rb2 Bc6 32. Nc2 Rd8 33. Nxd4 cxd4+ 34. Kd3 Kd6 35. b4 axb4 36. Rxb4 Kc5 37. Rb2 Ra8 38. Ra2 Rxa4 39. Rxa4 Bxa4 40. f4 Bb3 41. f5 Bxc4+ 42. Kd2 b5 43. fxg6 hxg6 44. g4 g5 45. h5 Bg8 46. Bf1 Bh7 47. Bd3 Kb4 48. Kc2 Ka4 49. Kb2 Kb4 50. Bc2 Kc4 51. Bb3+ Kd3 52. Bf7 Ke2 53. Bg6 Bg8 54. h6 d3 55. Be8 d2 56. Bxb5 Ke1 57. Ba4 Bh7 58. Bc2 d1=Q 0-1

[Event "Rapid Tournament (RAP)"]
[Site "Biel, Switzerland"]
[Date "2026.07.12"]
[Round "2.35"]
[White "Fogo Esquivel, Levi Kalani Alexander"]
[Black "Erb, Bernhard"]
[Result "1-0"]
[TimeControl "15 + 5"]
[WhiteTitle "-"]
[BlackTitle "-"]
[WhiteFideId "5183189"]
[BlackFideId "1319809"]
[WhiteElo "2088"]
[BlackElo "1837"]

1. e4 d5 2. exd5 Nf6 3. d4 Nxd5 4. Nf3 Bf5 5. Be2 Nc6 6. O-O Ndb4 7. Na3 e6 8. c3 Nd5 9. Nc4 Be7 10.
Nce5 Nxe5 11. Nxe5 O-O 12. Qb3 Qc8 13. Bf3 Rb8 14. Bxd5 exd5 15. Qxd5 Bd6 16. Bf4 Be6 17. Qf3 b6 18.
Nc6 Bg4 19. Qd5 Be6 20. Qf3 Bg4 21. Qg3 Bxf4 22. Qxf4 Qd7 23. Ne5 Qf5 24. Qxg4 Qc2 25. Nd7 1-0

[Event "Rapid Tournament (RAP)"]
[Site "Biel, Switzerland"]
[Date "2026.07.12"]
[Round "2.36"]
[White "Gireada, Lucas"]
[Black "Xu, Chang(Cq)"]
[Result "0-1"]
[TimeControl "15 + 5"]
[WhiteTitle "-"]
[BlackTitle "-"]
[WhiteFideId "1373544"]
[BlackFideId "8641757"]
[WhiteElo "1837"]
[BlackElo "2082"]

1. d4 Nf6 2. c4 e6 3. Nf3 b6 4. g3 Ba6 5. b3 Bb4+ 6. Bd2 Be7 7. Bg2 c6 8. O-O d5 9. cxd5 cxd5 10. Nc3 O-O 11. Re1 Nbd7 12.
Bf4 Rc8 13. Rc1 Bb4 14. Bd2 Qe7 15. Bf1 Rc7 16. Na4 Rfc8 17. Rxc7 Rxc7 18. Bxb4 Qxb4 19. e3 Bxf1 20. Kxf1 Ne4 21. Re2 b5 22. Nb2 Nc3 23. Qc1 Qd6 24. Rc2 Nxa2 25. Qb1 Nb4 26. Rxc7 Qxc7 27. Nd3 Nxd3 28. Qxd3 a6 29. e4 Nf6 30. exd5 Nxd5 31. Ne5 f6 32. Nf3 Qc6 33. Nd2 Nb4 34. Qf3 Qxf3 35. Nxf3 Kf7 36.
Ke2 Ke7 37. Kd2 Kd6 38. Kc3 Nc6 39. b4 Kd5 40. Nd2 Nxd4 41. f4 e5 42. fxe5 fxe5 43. Kd3 Nc6 0-1

[Event "Rapid Tournament (RAP)"]
[Site "Biel, Switzerland"]
[Date "2026.07.12"]
[Round "2.37"]
[White "Haugner, Jan"]
[Black "Ziegler, Andrin"]
[Result "1-0"]
[TimeControl "15 + 5"]
[WhiteTitle "-"]
[BlackTitle "-"]
[WhiteFideId "24655244"]
[BlackFideId "1364138"]
[WhiteElo "2079"]
[BlackElo "1730"]

1. e4 c6 2. Nf3 d5 3. d3 Bg4 4. h3 Bxf3 5. Qxf3 e6 6.
g4 Bd6 7. Bg2 Ne7 8. Qe2 Ng6 9. O-O Nd7 10. f4 Qc7 11. e5 Bc5+ 12. Kh1 O-O-O 13. c3 f6 14. d4 Bb6 15. Nd2 Nh4 16.
Nf3 Nxg2 17. Kxg2 Rde8 18. a4 a6 19. b4 fxe5 20. fxe5 a5 21. Ba3 axb4 22. Bxb4 c5 23. Ba3 cxd4 24.
cxd4 Kb8 25. Bd6 Ka7 26. Bxc7 Bxc7 27. Qb5 1-0

[Event "Rapid Tournament (RAP)"]
[Site "Biel, Switzerland"]
[Date "2026.07.12"]
[Round "2.38"]
[White "Chu, Wa Ching David"]
[Black "Ling, Chenxuan"]
[Result "0-1"]
[TimeControl "15 + 5"]
[WhiteTitle "-"]
[BlackTitle "-"]
[WhiteFideId "6013180"]
[BlackFideId "30983118"]
[WhiteElo "1723"]
[BlackElo "2077"]

1. d4 Nf6 2. Bg5 Ne4 3. Bh4 d5 4. f3 g5 5. fxe4 gxh4 6. exd5 Qxd5 7. Nc3 Qd8 8. Nf3 Bg7 9. e3 c5 10. Qd3 Nc6 11. O-O-O Bg4 12.
Be2 Qa5 13. Qb5 Qxb5 14. Nxb5 O-O-O 15. h3 Bh5 16. Rhe1 a6 17. Na3 Bh6 18. Kb1 Bxe3 19. Nc4 cxd4 20. Nxh4 Bxe2 21. Rxe2 Bg5 22.
Nf3 Bf6 23. Nce5 Nxe5 24. Nxe5 Rhf8 25. Ng4 Bg5 26. Re5 f5 27.
Rc5+ Kb8 28. Ne5 Bf6 29. g4 Ka8 30. Nf3 fxg4 31. hxg4 Kb8 32. Rh5 Rg8 33. g5 Bh8 34. Rxh7 e5 35. Re7 Rde8 36. Rxe8+ Rxe8 37. Re1 e4 38. Nh4 e3 39. g6 Rf8 40.
b3 Kc7 41. Rg1 Bg7 42. Re1 Kd6 43.
c3 Rf4 44. Ng2 Rg4 45. Nxe3 dxe3 46. Rxe3 Rxg6 47. Kb2 Kc6 48. Ka3 Rg5 49. Kb4 Rb5+ 50.
Ka3 Re5 51. Rg3 Bf8+ 52. Kb2 Re2+ 53. Kb1 Ba3 54. Rg6+ Kd5 55. Rg7 Rb2+ 56. Ka1 Rc2 57. Rxb7 Rc1# 0-1

[Event "Rapid Tournament (RAP)"]
[Site "Biel, Switzerland"]
[Date "2026.07.12"]
[Round "2.39"]
[White "Piazza, Carlo"]
[Black "Knuesel, Jolan"]
[Result "1-0"]
[TimeControl "15 + 5"]
[WhiteTitle "-"]
[BlackTitle "-"]
[WhiteFideId "809683"]
[BlackFideId "1364529"]
[WhiteElo "2076"]
[BlackElo "1651"]

1. e4 c6 2. d4 d5 3. e5 c5 4. dxc5 Nc6 5. Nf3 Bg4 6. Bb5 e6 7. Be3 Qa5+ 8. Nc3 a6 9. Bxc6+ bxc6 10. a3 Ne7 11. b4 Qc7 12.
Bd4 Nf5 13. Qd3 Bxf3 14. gxf3 Nxd4 15. Qxd4 g6 16. f4 Bh6 17. Ne2 O-O 18. h4 a5 19. c3 Bg7 20. h5 f6 21. hxg6 hxg6 22.
Qd3 f5 23. Nd4 Qd7 24. Qg3 Qe8 25. Kd2 Kf7 26. Rag1 Ke7 27. Qxg6 Qxg6 28. Rxg6 Rg8 29. Rhg1 Kf7 30. Nxe6 Bh6 31. Rxg8 Rxg8 32. Rxg8 Kxg8 33.
Ke3 axb4 34. cxb4 Kf7 35. Nd4 Kg6 36. Nxc6 Kh5 37. e6 1-0

[Event "Rapid Tournament (RAP)"]
[Site "Biel, Switzerland"]
[Date "2026.07.12"]
[Round "2.41"]
[White "Amsellem, Daniel"]
[Black "Tkhoruk, Roman"]
[Result "0-1"]
[TimeControl "15 + 5"]
[WhiteTitle "-"]
[BlackTitle "-"]
[WhiteFideId "1363522"]
[BlackFideId "34161589"]
[WhiteElo "1650"]
[BlackElo "2076"]

1. c4 Nf6 2. Nf3 e6 3. g3 b6 4.
Bg2 Bb7 5. O-O Be7 6. d4 O-O 7. Nc3 d5 8. cxd5 exd5 9. Bf4 c5 10. Rc1 Nc6 11. Nb5 a6 12. Nc7 Rc8 13. dxc5 bxc5 14.
Nxd5 Qxd5 15. Qc2 Nd4 16. Qc3 Nxe2+ 0-1

[Event "Rapid Tournament (RAP)"]
[Site "Biel, Switzerland"]
[Date "2026.07.12"]
[Round "2.42"]
[White "Gunzinger, Severin"]
[Black "De Gregorio, Alexis"]
[Result "0-1"]
[TimeControl "15 + 5"]
[WhiteTitle "-"]
[BlackTitle "-"]
[WhiteFideId "1362518"]
[BlackFideId "1310054"]
[WhiteElo "1607"]
[BlackElo "2030"]

1. d4 Nf6 2. c4 e6 3.
Nc3 Bb4 4. e3 O-O 5. Nge2 d5 6. a3 Be7 7. Nf4 c6 8. cxd5 exd5 9. Bd3 Bd6 10. O-O Re8 11. b4 Nbd7 12. f3 Bxf4 13.
exf4 Qb6 14. Ne2 Nf8 15. f5 a5 16. Rb1 axb4 17. axb4 Ra2 18. g4 Qc7 19. Bf4 Qb6 20. Kh1 Qa7 21.
Re1 Qa4 22. Qxa4 Rxa4 23. b5 Bd7 24. bxc6 Bxc6 25. Be5 N8d7 26. Ng3 Nxe5 27. dxe5 Nd7 28. e6 Nc5 29. Bb5 Ra3 30. Bxc6 bxc6 31.
Rec1 Ra5 32. Rb6 fxe6 33. Rxc6 Nd3 34. R1c3 Nf4 35. fxe6 Nxe6 36. Re3 Ra1+ 37. Kg2 Nf4+ 38. Kf2 Ra2+ 39.
Ne2 Rxe3 40. Kxe3 Nxe2 41. h4 d4+ 42. Kd3 Ng1 43. Kxd4 Nxf3+ 44. Ke4 Nxh4 45. Kf4 Ra5 46. Kg3 Ng6 47.
Rc2 Ra3+ 48. Kf2 Kf7 49. Rc5 Kf6 50. Rf5+ Ke6 51. Rh5 h6 52. Rc5 Ne5 53. Rc7 Kf6 54. Rc5 Nd3+ 0-1

[Event "Rapid Tournament (RAP)"]
[Site "Biel, Switzerland"]
[Date "2026.07.12"]
[Round "2.44"]
[White "Trubini, Timon"]
[Black "Filimonov, Arsenii"]
[Result "0-1"]
[TimeControl "15 + 5"]
[WhiteTitle "-"]
[BlackTitle "-"]
[WhiteFideId "1347799"]
[BlackFideId "34171584"]
[WhiteElo "1896"]
[BlackElo "1843"]

1. e4 c5 2. Nf3 e6 3. d4 cxd4 4. Nxd4 a6 5. Bd3 Nc6 6. Nxc6 dxc6 7. O-O Bc5 8. Nc3 e5 9. Qf3 Ne7 10.
Rd1 Qc7 11. Bc4 O-O 12. Bg5 Be6 13. Bxe6 fxe6 14. Qh3 Rxf2 15. Qxe6+ Kh8 16. Bxe7 Rf6+ 17. Bxc5 Rxe6 18. Rd3 b6 19. Ba3 Rd8 20. Rf3 Rf6 21.
Rxf6 gxf6 22. Rf1 Qg7 23. Ne2 Rd2 24. Ng3 Rxc2 25. Rd1 Qc7 26. Nf5 c5 27.
Rd6 b5 28. b4 cxb4 29. Bxb4 Qa7+ 0-1

[Event "Rapid Tournament (RAP)"]
[Site "Biel, Switzerland"]
[Date "2026.07.12"]
[Round "2.45"]
[White "Creux, Francois"]
[Black "Saucy, Etienne"]
[Result "1-0"]
[TimeControl "15 + 5"]
[WhiteTitle "-"]
[BlackTitle "-"]
[WhiteFideId "1357743"]
[BlackFideId "1374117"]
[WhiteElo "1668"]
[BlackElo "1442"]

1. e4 c6 2. Nf3 d5 3. Nc3 dxe4 4. Nxe4 Nf6 5. Ng3 g6 6. Bc4 Bg7 7. h3 b5 8. Bb3 O-O 9.
d4 Nd5 10. c3 Re8 11. O-O Nd7 12. Bg5 N7f6 13. Qd2 Qd6 14. Rad1 h6 15. Bxh6 Be6 16. Bxg7 Kxg7 17. Ng5 Nf4 18. Nxe6+ Nxe6 19. Bc2 Rh8 20. Ne4 Nxe4 21. Bxe4 Rh4 22. Qe3 Rah8 23. Rd3 Nf4 24.
Rd2 Qc7 25. g3 Rxh3 26. Qxf4 e5 27. dxe5 Qe7 28. Bxc6 Qc5 29. Qf6+ Kh6 30. Qxh8+ 1-0

[Event "Rapid Tournament (RAP)"]
[Site "Biel, Switzerland"]
[Date "2026.07.12"]
[Round "2.46"]
[White "Gheorghiu, Alexandru"]
[Black "Gluckman, David"]
[Result "0-1"]
[TimeControl "15 + 5"]
[WhiteTitle "-"]
[BlackTitle "-"]
[WhiteFideId "1363573"]
[BlackFideId "14300010"]
[WhiteElo "1647"]
[BlackElo "2161"]

1. d4 e6 2. c4 f5 3.
Nc3 Nf6 4. g3 d5 5. Bg2 c6 6. Bg5 Be7 7.
e3 O-O 8. Nge2 h6 9. Bxf6 Bxf6 10. O-O Nd7 11. Nf4 Qe8 12. cxd5 exd5 13. Qb3 g5 14. Nfxd5 cxd5 15. Nxd5 Qf7 16.
Rac1 Kh8 17. Rc7 Bd8 18. Rc2 Nb6 19. Nxb6 Qxb3 20. axb3 Bxb6 21. Rd1 Rb8 22. Bd5 Bd7 23. Kf1 f4 24.
e4 fxg3 25. hxg3 Rbd8 26. Kg2 Bc6 27. Bxc6 bxc6 28. Rcd2 Rf7 29. Kh3 Rfd7 30. f4 gxf4 31. gxf4 Rxd4 32. Rxd4 Rxd4 33. Rxd4 Bxd4 34. Kg4 Kg7 35. Kf5 Bxb2 36. e5 Bc1 37. e6 Ba3 38. Ke5 h5 39. f5 Be7 40. Kf4 Kf6 0-1

[Event "Rapid Tournament (RAP)"]
[Site "Biel, Switzerland"]
[Date "2026.07.12"]
[Round "2.47"]
[White "Hornung, Hans"]
[Black "Alves, Duarte"]
[Result "1-0"]
[TimeControl "15 + 5"]
[WhiteTitle "-"]
[BlackTitle "-"]
[WhiteFideId "4615140"]
[BlackFideId "1370910"]
[WhiteElo "2040"]
[BlackElo "1673"]

1. d4 d5 2. c4 e5 3.
dxe5 d4 4. Nf3 Nc6 5. a3 f6 6. exf6 Nxf6 7. e3 Bg4 8. Be2 dxe3 9. Qxd8+ Rxd8 10. Bxe3 Bd6 11. Nc3 O-O 12. O-O Ne5 13.
Nxe5 Bxe2 14. Nxe2 Bxe5 15. Rab1 Ng4 16. g3 Nxe3 17. fxe3 Rxf1+ 18. Kxf1 Rd2 19. b3 c5 20. Ke1 Rd6 21.
Rd1 Rh6 22. h4 g5 23. hxg5 Rh1+ 24. Kd2 Rh2 25. Kd3 Rg2 26. Ke4 Bxg3 27. Nxg3 Rxg3 28. Kf4 Rg2 29. Rd7 Rf2+ 30. Ke4 Rf7 31. Rxf7 Kxf7 32. Kf5 b6 33.
e4 a5 34. a4 Kg7 35. e5 h5 36. gxh6+ Kxh6 37. Kf6 Kh7 38. Kf7 Kh6 39. e6 Kg5 40. e7 Kf4 41. e8=Q 1-0

[Event "Rapid Tournament (RAP)"]
[Site "Biel, Switzerland"]
[Date "2026.07.12"]
[Round "2.48"]
[White "Jaussi, Kevin"]
[Black "Huang, Hsuan-Chen"]
[Result "0-1"]
[TimeControl "15 + 5"]
[WhiteTitle "-"]
[BlackTitle "-"]
[WhiteFideId "1324721"]
[BlackFideId "16303121"]
[WhiteElo "1859"]
[BlackElo "1648"]

1. d4 Nf6 2. Bf4 d5 3. e3 c5 4. c3 Nc6 5. Nf3 Qb6 6. Qb3 c4 7. Qxb6 axb6 8. Na3 Ra5 9. Ne5 Bf5 10.
f3 h5 11. e4 dxe4 12. Naxc4 Rb5 13. O-O-O Nd5 14. Be3 f6 15. Nxc6 bxc6 16. a4 Ra5 17. Nxa5 bxa5 18. Re1 exf3 19. gxf3 g6 20. Bc4 Nxe3 21.
Rxe3 Bh6 22. Rhe1 Kd7 23. Kd1 Bxe3 24.
Rxe3 g5 25. Bd3 Be6 26. Bc2 g4 27. f4 h4 28. Ke1 Rb8 29. f5 Bd5 30. Bd1 Rxb2 31. Bxg4 Rxh2 32. Be2 Rh1+ 33. Kf2 Rh2+ 34.
Kg1 Rg2+ 35. Kf1 Rg5 36. Bd3 h3 37. c4 h2 0-1

[Event "Rapid Tournament (RAP)"]
[Site "Biel, Switzerland"]
[Date "2026.07.12"]
[Round "2.49"]
[White "Rohde, Bernhard"]
[Black "Gutzwiller, Darian"]
[Result "1-0"]
[TimeControl "15 + 5"]
[WhiteTitle "-"]
[BlackTitle "-"]
[WhiteFideId "1323016"]
[BlackFideId "579000304"]
[WhiteElo "1834"]
[BlackElo "1633"]

1. e4 c5 2. d4 cxd4 3. Nf3 Nc6 4.
c3 dxc3 5. Bc4 g6 6. Nxc3 Bg7 7. O-O e6 8. Nb5 d6 9. Nxd6+ Kf8 10. Bf4 Bxb2 11. Rb1 Bg7 12. e5 f6 13.
Re1 Nge7 14. exf6 Bxf6 15. Bxe6 Bxe6 16. Rxe6 Kg7 17. Qb3 b6 18. Rxf6 Kxf6 19. Qf7# 1-0

[Event "Rapid Tournament (RAP)"]
[Site "Biel, Switzerland"]
[Date "2026.07.12"]
[Round "2.50"]
[White "Guidi, Elia"]
[Black "Duric, Ivan"]
[Result "0-1"]
[TimeControl "15 + 5"]
[WhiteTitle "-"]
[BlackTitle "-"]
[WhiteFideId "1351931"]
[BlackFideId "1358138"]
[WhiteElo "1627"]
[BlackElo "1832"]

1. d4 Nf6 2. c4 c5 3. d5 e6 4. Nc3 exd5 5. cxd5 d6 6. Nf3 g6 7. e4 Bg7 8. Bd3 O-O 9. O-O Bg4 10.
Rb1 Nbd7 11. h3 Bxf3 12. Qxf3 Ne5 13. Qe2 Rc8 14. f4 Nxd3 15. Qxd3 a6 16. a4 Re8 17. Bd2 c4 18. Qf3 b5 19.
axb5 axb5 20. Nxb5 Qb6+ 21. Kh1 Qxb5 22. f5 Nxe4 23. fxg6 fxg6 24. Qf7+ Kh8 25. Bc3 Rg8 26. Ra1 Ng3+ 27.
Kh2 Nxf1+ 28. Kh1 Ng3+ 29. Kh2 Rcf8 30. Qe7 Nf5 31. Qc7 Qc5 32. Qd7 Qe3 33. Re1 Qg3+ 34. Kh1 Ne3 35. Re2 Bxc3 36. bxc3 Nxd5 37. Ra2 Qe1+ 38.
Kh2 Nf4 39. Ra7 Qh4 40. Qxd6 Nh5 41. Qd4+ Qxd4 0-1

[Event "Rapid Tournament (RAP)"]
[Site "Biel, Switzerland"]
[Date "2026.07.12"]
[Round "2.51"]
[White "Gaier, Walter"]
[Black "Sudarsandhari Shibani, Willson"]
[Result "1-0"]
[TimeControl "15 + 5"]
[WhiteTitle "-"]
[BlackTitle "-"]
[WhiteFideId "1310186"]
[BlackFideId "1364553"]
[WhiteElo "1832"]
[BlackElo "1620"]

1. e4 e5 2. Nf3 Nc6 3. c3 Nf6 4. d4 Bd6 5. Bd3 O-O 6. Bg5 h6 7. Bh4 exd4 8. cxd4 Qe7 9. O-O g5 10. e5 gxh4 11. exd6 Qxd6 12.
Nc3 Nxd4 13. Nxd4 Ng4 14. Nf3 b6 15. Ne4 Qb4 16. h3 d5 17. Nc3 Nf6 18. Qd2 Bb7 19. Qxh6 Qd6 20. Ng5 Rfe8 21.
Bh7+ Nxh7 22. Qxh7+ Kf8 23. Qxf7# 1-0

[Event "Rapid Tournament (RAP)"]
[Site "Biel, Switzerland"]
[Date "2026.07.12"]
[Round "2.52"]
[White "Muller, Alexis"]
[Black "Di Meo, Quentin"]
[Result "0-1"]
[TimeControl "15 + 5"]
[WhiteTitle "-"]
[BlackTitle "-"]
[WhiteFideId "1372009"]
[BlackFideId "1338498"]
[WhiteElo "1612"]
[BlackElo "1828"]

1. d4 d6 2. c4 Nf6 3. Nc3 Nbd7 4. e4 e5 5. d5 Be7 6. Be3 a5 7. Bd3 c6 8. Nge2 O-O 9. Qd2 Ng4 10. h3 Nxe3 11. Qxe3 Nc5 12.
Bc2 a4 13. O-O f5 14. f3 Bd7 15. Qd2 f4 16. Qd1 Qb6 17. Rb1 Rf6 18. Bxa4 Nxa4+ 19. Kh2 Nxc3 20. Nxc3 Rg6 21. a3 Bh4 22.
Qd2 Bg3+ 23. Kh1 Rh6 24. Ne2 Bxh3 25. Nxg3 fxg3 26. Qg5 Bd7+ 0-1

[Event "Rapid Tournament (RAP)"]
[Site "Biel, Switzerland"]
[Date "2026.07.12"]
[Round "2.53"]
[White "Hajduk, Mariia"]
[Black "Yang, Sung-Jui"]
[Result "0-1"]
[TimeControl "15 + 5"]
[WhiteTitle "-"]
[BlackTitle "-"]
[WhiteFideId "1368559"]
[BlackFideId "16301048"]
[WhiteElo "1602"]
[BlackElo "1825"]

1. e4 c5 2. Nf3 Nc6 3. d4 cxd4 4. Nxd4 g6 5. Nc3 Bg7 6. Be3 Nf6 7. Be2 O-O 8. O-O d5 9. exd5 Nxd5 10. Nxc6 bxc6 11. Nxd5 cxd5 12.
c3 Rb8 13. Rb1 Qa5 14. Bd4 e5 15. Be3 Be6 16. b3 Qxa2 17. Bc5 Rfc8 18. Bb4 d4 19. Ra1 Qxb3 20. Qxb3 Bxb3 21. Bd6 Rb6 22.
Rab1 Rxc3 23. Ba3 a5 24. Rfc1 a4 25. Bb2 Rcc6 26. Bf3 Rc2 27. Be4 Rxc1+ 28. Rxc1 Be6 29. Ba3 f5 30. Bc5 Rb8 31.
Bc6 Rc8 32. Ba3 Bf8 33. Bxf8 Kxf8 0-1

[Event "Rapid Tournament (RAP)"]
[Site "Biel, Switzerland"]
[Date "2026.07.12"]
[Round "2.54"]
[White "Brixius, Dirk"]
[Black "Mury, Marie"]
[Result "1-0"]
[TimeControl "15 + 5"]
[WhiteTitle "-"]
[BlackTitle "-"]
[WhiteFideId "12909734"]
[BlackFideId "576035050"]
[WhiteElo "1821"]
[BlackElo "1603"]

1. c4 c6 2. Nc3 d5 3. cxd5 cxd5 4. d4 Nf6 5. Nf3 Bf5 6.
Qb3 b6 7. Ne5 Nbd7 8. Nxd5 Nxe5 9. Nxf6+ exf6 10. dxe5 fxe5 11. Qb5+ Qd7 12. Qxe5+ Be6 13. Bd2 f6 14. Qf4 Bd6 15.
Qh4 O-O 16. e3 Rad8 17. Bd3 g6 18. Bc4 Bxc4 19. Qxc4+ Kg7 20. Rd1 b5 21. Qe2 a6 22. O-O Qc7 23. h3 Rfe8 24. Bc3 Be5 25.
Bxe5 Qxe5 26. b3 Rc8 27. Rc1 Rcd8 28. Rfd1 Rxd1+ 29. Qxd1 Re7 30. Rc6 a5 31. Qd6 Qa1+ 32. Kh2 Rf7 33.
Qd2 Qe5+ 34. g3 Qe4 35. Rd6 h5 36. Rd4 Qa8 37. Rd5 a4 38. Rxb5 axb3 39. axb3 Qc6 40. Rd5 Qc7 41. e4 h4 42.
Qf4 hxg3+ 43. Qxg3 Qc2 44. Rd3 Re7 45. Qe3 f5 46. Qd4+ Kh7 47. exf5 gxf5 48. Qh4+ 1-0

[Event "Rapid Tournament (RAP)"]
[Site "Biel, Switzerland"]
[Date "2026.07.12"]
[Round "3.1"]
[White "Amonatov, Farrukh"]
[Black "Tureshbayev, Anuar"]
[Result "1-0"]
[TimeControl "15 + 5"]
[WhiteTitle "-"]
[BlackTitle "-"]
[WhiteFideId "14700077"]
[BlackFideId "651081709"]
[WhiteElo "2593"]
[BlackElo "2246"]

1. e4 c5 2. Nf3 e6 3. d4 cxd4 4. Nxd4 Nf6 5. Nc3 Nc6 6. Ndb5 d6 7. Bf4 e5 8. Bg5 a6 9. Na3 b5 10.
Nd5 Be7 11. Bxf6 Bxf6 12. c4 b4 13. Nc2 Rb8 14. g3 O-O 15. Bg2 Be6 16. O-O g6 17. Qd3 Bg7 18. Rad1 a5 19. b3 a4 20. f4 exf4 21. gxf4 Qa5 22.
Nde3 axb3 23. axb3 Qa2 24. e5 Na5 25. Nd4 dxe5 26. Ra1 Qb2 27. Nxe6 fxe6 28. Rxa5 exf4 29. Ng4 Rbd8 30. Qe4 Rd2 31. Kh1 h5 32. Qxe6+ Kh8 33. Qxg6 hxg4 34. Rh5+ Kg8 35. Be4 1-0

[Event "Rapid Tournament (RAP)"]
[Site "Biel, Switzerland"]
[Date "2026.07.12"]
[Round "3.2"]
[White "Cao, Qingfeng"]
[Black "Kozak, Adam"]
[Result "1/2-1/2"]
[TimeControl "15 + 5"]
[WhiteTitle "-"]
[BlackTitle "-"]
[WhiteFideId "8627568"]
[BlackFideId "753246"]
[WhiteElo "2265"]
[BlackElo "2592"]

1. d4 Nf6 2. c4 e6 3. Nf3 d5 4. g3 dxc4 5. Bg2 c6 6. Ne5 Bb4+ 7. Nc3 Nd5 8. O-O Nxc3 9. bxc3 Bxc3 10.
Nxc4 b5 11. Bb2 Bxb2 12. Nxb2 a5 13. a3 O-O 14. e3 e5 15. dxe5 Qe7 16. Qd6 Qxd6 17. exd6 Rd8 18. Rfd1 Be6 19.
e4 f6 20. f4 Nd7 21. e5 Rac8 22. Nd3 g6 23. Rac1 c5 24. Bb7 c4 25. Bxc8 Rxc8 26. exf6 Kf7 27. Ne5+ Kxf6 28. Nxd7+ Bxd7 29.
Rd4 Be6 30. Kf2 b4 31. axb4 axb4 32. d7 Rd8 33. Rd6 Kf7 34. Re1 Bf5 35.
g4 Bxg4 36. Re4 b3 37. Rxc4 Rxd7 38. Rxd7+ Bxd7 39. Rc7 Ke8 40. Rb7 Be6 41. Ke3 Bd5 42. Rb5 Be6 43. Kd4 Kd7 44. Ke5 Kc6 45.
Rb8 Bc4 46. Kd4 Be6 47. Re8 Bf5 48. Kc3 Bc2 49. Re7 h5 50. Re5 Kd6 51. Rb5 Ke6 52. Kd4 Kf6 53. Ke3 Ke6 54. Kd4 Kf6 55.
Ke3 1/2-1/2